 Dungeon Crawl Stone Soup version 0.26.0-8-g74fc34ddfb (webtiles) character file.

Game seed: 12881326104643690675

7522 hatsuma the Spear-Bearer (level 11, -7/84 HPs)
             Began as a Formicid Fighter on Jan 12, 2021.
             Was an Initiate of Gozag.
             Mangled by an orc knight
             ... wielding a +0 glaive
              (46 damage)
             ... in a bailey on Jan 13, 2021.
             The game lasted 01:04:08 (10324 turns).

hatsuma the Spear-Bearer (Formicid Fighter)        Turns: 10324, Time: 01:04:09

Health: -7/84      AC: 11    Str: 22    XL:     11   Next: 38%
Magic:  11/11      EV: 11    Int:  8    God:    Gozag
Gold:   1267       SH: 16    Dex: 12    Spells: 10/10 levels left

rFire    + . .     SeeInvis +   a - +5 halberd (freeze)
rCold    . . .     Faith    .   E - +0 tower shield
rNeg     + . .     Spirit   .   i - +2 ring mail {rF+}
rPois    .         Reflect  .   (helmet unavailable)
rElec    .         Harm     .   j - +1 cloak
rCorr    .         Rampage  .   (no gloves)
Will     +....                  (no boots)
Stlth    ++........             (no amulet)
HPRegen  0.24/turn              (no ring)
MPRegen  0.12/turn              B - ring of positive energy

@: gold aura
A: permanent stasis, dig shafts and tunnels, four strong arms, antennae 3
a: Dig, Renounce Religion, Potion Petition, Call Merchant, Bribe Branch


You were in a bailey.
You worshipped Gozag.
Gozag was most pleased with you.
You visited 1 branch of the dungeon, and saw 9 of its levels.
You also visited: Bailey.

You collected 1741 gold pieces.
You spent 410 gold pieces at shops.
You paid 64 gold pieces to Gozag.

Inventory:

Hand Weapons
 a - a +5 halberd of freezing (weapon)
 b - a +0 hunting sling
 s - a +6 spear of flaming
Missiles
 f - 169 stones (quivered)
 w - 70 sling bullets
Armour
 i - a +2 ring mail of fire resistance (worn)
 j - a +1 cloak (worn)
 E - a +0 tower shield (worn)
Jewellery
 c - a +6 ring of intelligence {unknown}
 A - an uncursed ring of magical power {unknown}
 B - a ring of positive energy (right hand)
Wands
 n - a wand of enslavement (12)
 r - a wand of acid (10)
 v - a wand of digging (7)
 z - a wand of disintegration (11)
 C - a wand of polymorph (13)
 F - a wand of random effects (28)
 G - a wand of paralysis (5)
Scrolls
 h - a scroll of enchant weapon {unknown}
 l - 2 scrolls of magic mapping
 m - 4 scrolls of fear
 o - 2 scrolls of amnesia
 x - a scroll of fog {unknown}
 y - a scroll of blinking {unknown}
Potions
 d - a potion of ambrosia {unknown}
 e - a potion of resistance {unknown}
 g - a potion of cancellation {unknown}
 k - 2 potions of flight {unknown}
 p - 3 potions of heal wounds
 q - a potion of degeneration {unknown}
 t - 2 potions of curing
 u - 2 potions of lignification {unknown}
 D - a potion of brilliance {unknown}


   Skills:
 - Level 7.4 Fighting
 - Level 10.2 Polearms
 - Level 3.6 Slings
 - Level 7.4 Armour
 - Level 5.0 Dodging
 - Level 4.0 Stealth
 + Level 8.0 Shields
 - Level 4.7 Evocations


You had 10 spell levels left.
You didn't know any spells.
Your spell library was empty.

Dungeon Overview and Level Annotations

Branches:
Dungeon (9/15)             Temple (0/1) D:6          Bailey (1/1)
   Lair: D:8-11         Orc: D:9-12

Altars:
Ashenzari
Cheibriados
Gozag
Hepliaklqana
Kikubaaqudgha
Makhleb
Qazlal
Trog
Uskayaw
Vehumet
Wu Jian
Zin
The Shining One

Shops:
D:5 (


Innate Abilities, Weirdness & Mutations

You cannot be hasted, slowed, berserked, paralysed or teleported.
You can dig through walls and to a lower floor.
Your four strong arms can wield two-handed weapons with a shield.
You have a pair of large antennae on your head. (SInv)


Message History

The orc knight is almost dead.
The orc warrior no longer looks unusually strong.
The orc knight hits you from afar with a +0 glaive!
Reach: a) +5 halberd (freeze)
Press: ? - help, Dir - move target, f/p - orc knight
Aim: an orc knight, wielding a +0 glaive and wearing a +0 chain mail (black smoke, almost dead, strong)
You reach to attack!
You hit the orc knight. You freeze the orc knight.
The orc knight is almost dead.
The orc knight roars a battlecry!
The orc warrior goes into a battle-frenzy!
Reach: a) +5 halberd (freeze)
Press: ? - help, Dir - move target, f/p - orc knight
Aim: an orc knight, wielding a +0 glaive and wearing a +0 chain mail (black smoke, almost dead, strong)
You reach to attack!
You hit the orc knight but do no damage.
The orc knight is almost dead.
The orc knight hits you from afar with a +0 glaive!!!
Ouch! That really hurt!
You die...
Your body crumbles into a pile of gold.

##.........## ##..≈≈≈≈≈≈≈..##
##..≈≈.....≈≈..##
##########..≈≈..###..≈≈..#####
#..........≈≈..## ##..≈≈......
#.≈≈≈≈≈≈≈≈≈≈).##.∩.##..≈≈≈≈≈≈≈
#.≈.....)....##.....##.......)
#.≈.#########'###+############
#.≈.## $$$ ##@.§§.§§. #
#.≈..## $ #..≈§§≈≈§§ ##
#.≈≈).## #..§≈o§§..≈ ##.
#∩.≈≈..# #..≈≈o.⌠∩⌠§§ #..
##.≈≈..#+#..≈≈...⌠..§ #..
#.≈≈..##.##..≈§§§..§§ ##.
#.≈..##...#+..§≈§§≈§≈ $ ##
#.≈.##.....##.§§§.(§( #.$$$.#
#.≈.#############+## #######


You could see an orc knight (strong) and an orc warrior (strong).

Vanquished Creatures
  2 two-headed ogres (D:8)
  Pikel (D:8)
  2 orc knights (Bailey)
  4 slime creatures
  Sigmund (D:3)
  A steam dragon (D:7)
  A water moccasin (D:9)
  2 ice beasts (D:7)
  5 orc warriors (Bailey)
  A black bear (D:7)
  A sky beast (D:7)
  3 phantoms
  6 ogres
  3 centaurs (D:6)
  2 lemures (D:8)
  3 bullfrogs
  2 big kobolds
  3 scorpions
  4 killer bees (D:7)
  3 wights (D:8)
  A howler monkey (D:7)
  A centaur zombie (D:8)
  5 hounds
  2 quasits (D:8)
  A bullfrog skeleton (D:4)
  5 orc priests
  A centaur skeleton (D:6)
  A jelly (D:7)
  4 orc wizards
  2 iguanas (D:7)
  Terence (D:3)
  Natasha (D:3)
  2 worker ants (D:4)
  A hound zombie (D:6)
  A howler monkey zombie (D:8)
  Robin (D:3)
  9 gnolls
  10 adders
  2 shadow imps
  A white imp (D:6)
  2 ufetubi
  An ooze (D:4)
  An adder skeleton (D:5)
  5 worms
  A dart slug (D:1)
  4 leopard geckos
  32 orcs
  3 giant cockroaches
  17 goblins
  13 hobgoblins
  5 jackals
  19 kobolds
  A quokka (D:4)
  2 ball pythons
  11 bats
  4 frilled lizards
  A jackal skeleton (D:8)
  A leopard gecko skeleton (D:4)
  A leopard gecko zombie (D:5)
  A quokka skeleton (D:8)
  8 rats
235 creatures vanquished.

Notes
Turn   | Place    | Note
-------+----------+-------------------------------------------
     0 | D:1      | hatsuma the Formicid Fighter began the quest for the Orb.
     0 | D:1      | Reached XP level 1. HP: 18/18 MP: 1/1
    51 | D:1      | Reached skill level 1 in Stealth
   167 | D:1      | Reached XP level 2. HP: 24/24 MP: 2/2
   190 | D:1      | Reached skill level 1 in Dodging
   580 | D:1      | Reached XP level 3. HP: 29/29 MP: 3/3
   956 | D:1      | Reached skill level 3 in Polearms
  1499 | D:2      | Reached XP level 4. HP: 31/35 MP: 4/4
  1619 | D:2      | You fall into a shaft and drop 2 floors!
  1640 | D:4      | Reached skill level 1 in Evocations
  1685 | D:4      | Reached XP level 5. HP: 8/41 MP: 5/5
  2105 | D:3      | Noticed Robin
  2116 | D:4      | Found an opulent altar of Gozag.
  2132 | D:4      | Reached skill level 4 in Polearms
  2254 | D:4      | Became a worshipper of Gozag Ym Sagoz the Greedy
  2685 | D:3      | Reached XP level 6. HP: 47/47 MP: 6/6
  2939 | D:2      | Found a faded altar of an unknown god.
  3573 | D:3      | Killed Robin
  3650 | D:3      | Reached skill level 5 in Polearms
  3803 | D:3      | Noticed Terence
  3818 | D:3      | Killed Terence
  3906 | D:3      | Noticed Sigmund
  3908 | D:3      | Noticed Natasha
  3916 | D:3      | Killed Natasha
  3917 | D:3      | Reached XP level 7. HP: 44/52 MP: 7/7
  3930 | D:3      | Killed Sigmund
  3931 | D:3      | Reached skill level 6 in Polearms
  4554 | D:4      | Reached skill level 1 in Slings
  4563 | D:4      | Found a hazy altar of Hepliaklqana.
  4847 | D:4      | Found an ornate altar of the Wu Jian Council.
  4908 | D:5      | Entered Level 5 of the Dungeon
  4983 | D:5      | Reached XP level 8. HP: 35/60 MP: 8/8
  5005 | D:5      | Found Tacsixyil's Weapon Emporium.
  5021 | D:5      | Bought a +5 halberd of freezing for 410 gold pieces
  5903 | D:6      | Reached skill level 5 in Shields
  5992 | D:6      | Found a staircase to the Ecumenical Temple.
  6404 | D:6      | Found a glowing silver altar of Zin.
  6405 | D:6      | Found an ancient bone altar of Kikubaaqudgha.
  6410 | D:6      | Found a stormy altar of Qazlal.
  6410 | D:6      | Found a radiant altar of Vehumet.
  6410 | D:6      | Found a bloodstained altar of Trog.
  6410 | D:6      | Found a broken altar of Ashenzari.
  6411 | D:6      | Found a burning altar of Makhleb.
  6413 | D:6      | Found a hide-covered altar of Uskayaw.
  6414 | D:6      | Found a glowing golden altar of the Shining One.
  6789 | D:7      | Reached skill level 7 in Polearms
  6789 | D:7      | Reached XP level 9. HP: 57/65 MP: 9/9
  7068 | D:7      | Reached skill level 8 in Polearms
  7206 | D:7      | Found a hazy altar of Hepliaklqana.
  7321 | D:7      | Reached skill level 5 in Fighting
  7540 | D:7      | Reached skill level 5 in Armour
  7743 | D:7      | Noticed a red ugly thing
  7790 | D:7      | Found a glowing golden altar of the Shining One.
  8105 | D:8      | Found a snail-covered altar of Cheibriados.
  8175 | D:8      | Reached skill level 9 in Polearms
  8184 | D:8      | Reached XP level 10. HP: 65/74 MP: 10/10
  8258 | D:8      | Noticed Pikel
  8281 | D:8      | Killed Pikel
  8366 | D:8      | Noticed a two-headed ogre
  8378 | D:8      | Killed a two-headed ogre
  8379 | D:8      | Reached skill level 5 in Dodging
  8585 | D:8      | Noticed a two-headed ogre
  8601 | D:8      | Killed a two-headed ogre
  8868 | D:8      | Reached XP level 11. HP: 60/84 MP: 11/11
  9329 | D:8      | Reached skill level 10 in Polearms
  9692 | D:9      | Found a flagged portal.
  9748 | Bailey   | Entered a bailey
 10061 | Bailey   | Noticed an orc knight
 10061 | Bailey   | Noticed an orc knight
 10061 | Bailey   | Noticed an orc knight
 10079 | Bailey   | Killed an orc knight
 10314 | Bailey   | Killed an orc knight
 10324 | Bailey   | Mangled by an orc knight

Illustrated notes

Levels and vault maps discovered:
D:1:      dpeg_arrival_pits, layout_loops_corners
D:2:      layout_loops_corners, chequers_ecumenical_altar_twisty
D:3:      layout_basic, cheibrodos_gnoll_hut, uniq_terence, uniq_sigmund,
          uniq_natasha, uniq_robin
D:4:      layout_basic, pdpol_wu_jian_five_deadly_venoms,
          nicolae_overflow_crystal_walls, minmay_ruined_shrine
D:5:      layout_basic, serial_shops, nicolae_shop_stone
D:6:      layout_basic, minitemple, temple_doors_cd
D:7:      layout_gridville, nzn_hepliaklqana_mist_gate, grunt_ministairs_8,
          nicolae_tso_swordbearing_angel
D:8:      layout_cave_pools, lemuel_crystal_altar, uniq_pikel
D:9:      layout_rooms, enter_bailey_3, evilmike_ruin_ashenzari
Bailey:   bailey_polearm_1, bailey

Skill      XL: |  1  2  3  4  5  6  7  8  9 10 11 |
---------------+----------------------------------+-----
Stealth        | 1 2 3 4 |  4.0
Dodging        | 1 2 3 5 |  5.0
Polearms       | 3 4 5 6 7 9 10 | 10.2
Evocations     | 2 4 |  4.7
Shields        | 4 7 8 |  8.0
Slings         | 2 3 |  3.6
Fighting       | 4 5 7 |  7.4
Armour         | 4 6 7 |  7.4

Action                   |  1- 3 |  4- 6 |  7- 9 | 10-12 || total
-------------------------+-------+-------+-------+-------++-------
Melee: Trident           |   123 |   125 |       |       ||   248
       Spear             |       |    85 |    75 |       ||   160
       Halberd           |       |       |   193 |   230 ||   423
 Fire: Hunting sling     |       |       |    31 |     4 ||    35
Throw: Stone             |     5 |     6 |       |     2 ||    13
  Use: Scroll            |       |     5 |     8 |     2 ||    15
       Potion            |       |       |     2 |     1 ||     3
 Stab: Distracted        |       |     1 |     3 |       ||     4
       Sleeping          |       |       |     2 |     1 ||     3
Armor: Scale mail        |    27 |       |       |       ||    27
       Ring mail         |    17 |    36 |    58 |    35 ||   146
Dodge: Dodged            |    33 |    60 |    77 |    43 ||   213
Block: Kite shield       |    40 |    67 |   100 |    20 ||   227
       Tower shield      |       |       |       |   110 ||   110
